 Dungeon Crawl Stone Soup version 0.24.0-125-gc4c63601f3 (webtiles) character file.

Game seed: 16113889502643293466, levelgen mode: deterministic

171 Kaiern the Firebug (level 5, -1/28 HPs)
             Began as a Gargoyle Fire Elementalist on Mar 19, 2020.
             Slain by a bullfrog (6 damage)
             ... on level 3 of the Dungeon.
             The game lasted 00:21:20 (3322 turns).

Kaiern the Firebug (Gargoyle Fire Elementalist)     Turns: 3322, Time: 00:21:21

Health: -1/28      AC:  6    Str: 12    XL:     5   Next: 51%
Magic:  0/9        EV: 12    Int: 16    God:
Gold:   78         SH:  0    Dex: 10    Spells: 7/10 levels left

rFire    . . .     SeeInvis .   f - +0 dagger
rCold    . . .     Gourm    .   (no shield)
rNeg     + . .     Faith    .   a - +0 robe
rPois    ∞         Spirit   .   (no helmet)
rElec    +         Reflect  .   (no cloak)
rCorr    .         Harm     .   (no gloves)
MR       .....                  (no boots)
Stlth    ++........             (no amulet)
HPRegen  0.09/turn              (no ring)
MPRegen  0.11/turn              (no ring)

@: no status effects
A: negative energy resistance 1, electricity resistance, unbreathing,
petrification resistance, rot immunity, AC +4
a: no special abilities


You were on level 3 of the Dungeon.
You were not hungry.

You visited 1 branch of the dungeon, and saw 3 of its levels.

You collected 78 gold pieces.

Inventory:

Hand Weapons
 f - a +0 dagger (weapon)
Armour
 a - a +0 robe (worn)
 g - a +0 pair of gloves
 j - a cursed -1 scale mail
 l - a +0 ring mail
 q - a +0 cloak of poison resistance
 t - a +0 ring mail
 v - a +0 helmet
Jewellery
 d - a +1 ring of evasion {unknown}
 i - a cursed amulet of inaccuracy {unknown}
 u - an uncursed ring of flight {unknown}
Scrolls
 b - 5 scrolls of identify {unknown}
 e - a scroll of immolation {unknown}
 h - a scroll of enchant weapon {unknown}
 m - 2 scrolls of teleportation {unknown}
 n - a scroll of random uselessness {unknown}
 p - a scroll of enchant armour {unknown}
Potions
 k - a potion of curing {unknown}
 o - a potion of agility {unknown}
 s - a potion of heal wounds {unknown}
Comestibles
 c - 6 rations
 r - a chunk of flesh


   Skills:
 - Level 0.1 Fighting
 - Level 0.5 Short Blades
 - Level 2.0 Dodging
 - Level 2.1 Stealth
 + Level 3.2 Spellcasting
 + Level 2.2 Conjurations
 + Level 4.5 Fire Magic


You had 7 spell levels left.
You knew the following spells:

 Your Spells              Type           Power        Failure   Level  Hunger
a - Flame Tongue          Conj/Fire      ##...        4%          1    None
b - Throw Flame           Conj/Fire      ##....       7%          2    ##.....

Your spell library contained the following spells:

 Spells                   Type           Power        Failure   Level  Hunger
 Conjure Flame            Conj/Fire      ##......     14%         3    ###....
 Inner Flame              Hex/Fire       #.......     22%         3    ###....
 Sticky Flame             Conj/Fire      ##......     41%         4    ####...
 Fireball                 Conj/Fire      ##........   77%         5    ######.


Dungeon Overview and Level Annotations

Branches:
Dungeon (3/15)

Altars:


Innate Abilities, Weirdness & Mutations

You are resistant to torment.
Your stone body is resilient. (AC +4)
You are immune to poison.
You resist negative energy. (rN+)
You are resistant to electric shocks. (rElec)
You can survive without breathing.
You are immune to petrification.
You are immune to rotting.


Message History

Aiming: Flame Tongue (safe; 4% risk of failure)
Press: ? - help, Shift-Dir - straight line, f/p - bullfrog
Aim: a bullfrog (moderately wounded)
The flame tongue hits the bullfrog.
The bullfrog is heavily wounded.
The bullfrog hits you. The bullfrog misses you.
Casting: Flame Tongue (safe; 4% risk of failure)
Confirm with . or Enter, or press ? or * to list all spells.
Aiming: Throw Flame (safe; 7% risk of failure)
Press: ? - help, Shift-Dir - straight line, f/p - bullfrog
Aim: a bullfrog (heavily wounded)
The puff of flame misses the bullfrog.
The bullfrog barely misses you.
Casting: Throw Flame (safe; 7% risk of failure)
Confirm with . or Enter, or press ? or * to list all spells.
You don't have enough magic to cast that spell.
The bullfrog hits you.
* * * LOW HITPOINT WARNING * * *
The bullfrog completely misses you. The bullfrog hits you.
You die...

#.####.## #.###########.##
#.###.#.#####.##..........#
#....###..##...#.#######..#
###.#.#.#.#....#.#######..#
#.##.##.##...#.#.....#..#
#.##.........#.#.....#..#
#.#####.###.##.#........#
#.#####.# #.##.##....#.##
#.......# #.#.@.#..<.#.#
######### #<#.#F#......#
###.#.######## ..#r.#
#.###.## .. #..###
.)##.##...#### ###..
###....#####.# ..
####.......#


You could see a bullfrog and a rat.

Vanquished Creatures
  A bullfrog (D:2)
  Jessica (D:2)
  An adder (D:2)
  2 oozes (D:1)
  2 worms (D:2)
  A dart slug (D:2)
  An orc (D:3)
  2 ball pythons
  2 giant cockroaches
  5 goblins
  12 hobgoblins
  4 jackals (D:1)
  5 kobolds
  5 bats
  2 frilled lizards
  4 rats
50 creatures vanquished.

Notes
Turn   | Place    | Note
-------+----------+-------------------------------------------
     0 | D:1      | Kaiern the Gargoyle Fire Elementalist began the quest for
                  | the Orb.
     0 | D:1      | Reached XP level 1. HP: 10/10 MP: 3/3
   247 | D:1      | Reached XP level 2. HP: 15/15 MP: 0/5
   985 | D:1      | Reached XP level 3. HP: 19/19 MP: 1/6
  1111 | D:1      | Reached skill level 4 in Fire Magic
  2058 | D:2      | Learned a level 2 spell: Throw Flame
  2127 | D:2      | Noticed a bullfrog
  2140 | D:2      | Killed a bullfrog
  2140 | D:2      | Reached XP level 4. HP: 18/24 MP: 0/8
  2140 | D:2      | Reached XP level 5. HP: 21/28 MP: 0/9
  2459 | D:2      | Noticed Jessica
  2464 | D:2      | Killed Jessica
  3322 | D:3      | Slain by a bullfrog

Levels and vault maps discovered:
D:1:      nicolae_arrival_somewhat_less_tricky_arrival, layout_loops_corners,
          minivault_11
D:2:      layout_basic, uniq_jessica
D:3:      minmay_general_purpose_star, layout_loops_corners

Skill      XL: |  1  2  3  4  5 |
---------------+----------------+-----
Fire Magic     | 4 |  4.5
Conjurations   | 2 |  2.2
Spellcasting   | 3 |  3.2
Dodging        | 2 |  2.0
Fighting       | |  0.1
Short Blades   | |  0.5
Stealth        | |  2.1

Action                   |  1- 3 |  4- 6 || total
-------------------------+-------+-------++-------
Melee: Unarmed           |     1 |       ||     1
       Dagger            |    23 |       ||    23
 Cast: Flame Tongue      |    77 |    24 ||   101
       Throw Flame       |     2 |    15 ||    17
  Eat: Chunk             |     5 |     4 ||     9
Armor: Robe              |    19 |     5 ||    24
Dodge: Dodged            |    47 |     9 ||    56
